 Dungeon Crawl Stone Soup version 0.21-a0-508-gf08a75f (webtiles) character file.

47 tof the Skirmisher (level 3, -3/29 HPs)
             Began as a Demonspawn Monk on Nov 28, 2017.
             Slain by a worm (8 damage)
             ... on level 2 of the Dungeon.
             The game lasted 00:01:36 (1443 turns).

tof the Skirmisher (Demonspawn Monk)                Turns: 1443, Time: 00:01:37

Health: -3/29      AC:  1    Str: 11    XL:     3   Next: 48%
Magic:  3/3        EV: 14    Int: 11    God:
Gold:   47         SH:  0    Dex: 19    Spells: 2/2 levels left

rFire    . . .     SeeInvis .   a - +0 falchion
rCold    . . .     Gourm    .   (no shield)
rNeg     . . .     Faith    .   b - +0 robe
rPois    .         Spirit   .   (no helmet)
rElec    .         Reflect  .   (no cloak)
rCorr    .         Harm     .   (no gloves)
MR       .....                  i - +0 pair of boots
Stlth    ++........             (no amulet)
HPRegen  0.09/turn              l - +3 ring of dexterity
MPRegen  0.08/turn              n - -2 ring of protection (curse)

@: no status effects
A: rot immunity
a: no special abilities


You were on level 2 of the Dungeon.
You were not hungry.

You visited 1 branch of the dungeon, and saw 2 of its levels.

You collected 47 gold pieces.

Inventory:

Hand Weapons
 a - a +0 falchion (weapon)
Armour
 b - a +0 robe (worn)
 i - a +0 pair of boots (worn)
Jewellery
 l - a +3 ring of dexterity (left hand)
 n - a cursed -2 ring of protection (right hand)
Scrolls
 e - a scroll of enchant weapon {unknown}
 f - a scroll of fear {unknown}
 j - a scroll of remove curse {unknown}
 k - a scroll of identify {unknown}
Potions
 h - a potion of mutation {unknown}
 o - a potion of berserk rage {unknown}
Comestibles
 c - a bread ration
 g - a chunk of flesh
 m - a royal jelly


   Skills:
 + Level 3.3 Fighting
 * Level 3.3 Long Blades
 + Level 3.0 Dodging
 + Level 2.3 Stealth


You had 2 spell levels left.
You didn't know any spells.

Dungeon Overview and Level Annotations

Branches:
Dungeon (2/15)

Altars:
Hepliaklqana


Innate Abilities, Weirdness & Mutations

You are immune to rotting.


Message History

Some of the chunks of flesh in your inventory have rotted away.
You start resting.
Eating one of 3 chunks of flesh.
You eat one of the 3 chunks of flesh.
This raw flesh tastes terrible.
Some of the chunks of flesh in your inventory have rotted away.
The worm barely misses you.
You riposte.
You barely miss the worm. You hit the worm.
The worm is moderately wounded.
You hit the worm but do no damage.
The worm is moderately wounded.
The worm bites you!
You hit the worm.
The worm is moderately wounded.
The worm bites you!
* * * LOW HITPOINT WARNING * * *
You barely miss the worm.
The worm is moderately wounded.
You hit the worm but do no damage.
The worm is moderately wounded.
The worm bites you!
You die...

## #... .. #..# #. #..#
##. #..# ._ #..# #.##
#..# #w.###.# #####..#
##### #......# #....w.#
#....
##÷#######.####@#######
#.≈≈≈ #.# #....#
#.......# #..≈≈≈
#.####.#..##########.#
#..≈≈≈ #..............#
##.## #..≈≈≈
#########.####.## #...
....≈≈≈
#.###...###.#######....
#..............# #.≈≈≈
#####...###.##....
##.## #.# #


You could see a worm.

Vanquished Creatures
  2 adders (D:2)
  A worm (D:2)
  A leopard gecko (D:2)
  2 bats (D:1)
  6 goblins
  3 hobgoblins (D:1)
  4 kobolds
  A quokka (D:2)
  2 ball pythons
  2 rats (D:2)
24 creatures vanquished.

Notes
Turn   | Place    | Note
-------+----------+-------------------------------------------
     0 | D:1      | tof the Demonspawn Monk began the quest for the Orb.
     0 | D:1      | Reached XP level 1. HP: 18/18 MP: 1/1
   245 | D:1      | Gained mutation: You are immune to rotting. [demonic ancestry]
   245 | D:1      | Reached XP level 2. HP: 18/24 MP: 2/2
  1190 | D:2      | Reached XP level 3. HP: 4/29 MP: 3/3
  1358 | D:2      | Found a hazy altar of Hepliaklqana.
  1443 | D:2      | Slain by a worm

Vault maps used:
D:1:      tarquinn_simple_flora_water_c, minivault_27,
          hangedman_decor_diamond_cutter
D:2:      lightli_temple_of_fire, lemuel_crystal_altar, minivault_14

Skill      XL: |  1  2 |
---------------+-------+-----
Stealth        | 2 |  2.3
Long Blades    | 3 |  3.3
Dodging        | 3 |  3.0
Fighting       | |  3.3

Action                   || total
-------------------------++-------
Melee: Falchion          ||    75
  Use: Potion            ||     1
 Stab: Sleeping          ||     4
  Eat: Chunk             ||     2
Armor: Robe              ||    10
Dodge: Dodged            ||    53
       Rpst.: Falchion   ||    15

Table legend:
 A = Spawn XP
 B = Non-spawn XP
 C = Spawn XP percentage of total XP
 D = Spawn monster count
 E = Non-spawn monster count
 F = Spawn count percentage of total count
 G = Total turns spent on level
                    A         B        C        D         E        F      G
               +---------+---------+-------+---------+---------+-------+---------
         Total |       0 |      68 |   0.0 |       0 |      24 |   0.0 |  1443
               +---------+---------+-------+---------+---------+-------+---------
           D:1 |       0 |      19 |   0.0 |       0 |      11 |   0.0 |   893
           D:2 |       0 |      49 |   0.0 |       0 |      13 |   0.0 |   550
               +---------+---------+-------+---------+---------+-------+---------
